 Dungeon Crawl Stone Soup version 0.31.0-9-g3a7656b989 (webtiles) character file.

Game seed: 8097228097916192254

17 qw the Shooter (level 2, -1/14 HPs)
             Began as a Spriggan Hunter on Feb 2, 2024.
             Succumbed to Terence's poison
             ... on level 2 of the Dungeon.
             The game lasted 00:00:03 (821 turns).

qw the Shooter (Spriggan Hunter)                     Turns: 821, Time: 00:00:03

Health: -1/14      AC:  4    Str:  7    XL:     2   Next: 44%
Magic:  3/3        EV: 18    Int: 10    God:
Gold:   79         SH:  0    Dex: 18    Spells: 1/1 levels left

rFire   . . .        a - +0 shortbow
rCold   . . .        (shield currently unavailable)
rNeg    . . .        i - +1 troll leather armour of Reasonable Wonder {rElec rPois Regen+ Stlth+}
rPois   +            (helmet restricted)
rElec   +            (no cloak)
rCorr   .            (gloves unavailable)
SInv    +            (boots unavailable)
Will    .....        (no amulet)
Stlth   +++          (no ring)
HPRegen 1.02/turn    (no ring)
MPRegen 0.08/turn

%: no passive effects
@: lethally poisoned (-1 -> -3), very quick
A: very small, no large weapons, unfitting armour, see invisible, speed 3
a: no special abilities


You were on level 2 of the Dungeon.
You visited 1 branch of the dungeon, and saw 2 of its levels.

You collected 79 gold pieces.


Innate Abilities, Weirdness & Mutations

You are very small and have problems with some larger weapons.
You are too small for most types of armour.
You have supernaturally acute eyesight. (SInv)
You cover ground extremely quickly. (Speed+++)


   Skills:
 - Level 1.5 Fighting
 + Level 4.1 Ranged Weapons
 - Level 4.0 Dodging
 - Level 1.5 Stealth


You had one spell level left.
You didn't know any spells.
Your spell library was empty.

Inventory:

Hand Weapons
 a - a +0 shortbow (weapon)
Armour
 h - the +2 hat "Ciriunk" {rPois rF- Str+3}
   (You acquired it on level 1 of the Dungeon)

   Str+3:     It affects your strength (+3).
   rF-:       It makes you vulnerable to fire.
   rPois:     It protects you from poison
 i - the +1 troll leather armour of Reasonable Wonder (worn) {rElec rPois Regen+ Stlth+}
   (You acquired it on level 1 of the Dungeon)

   rElec:     It insulates you from electricity.
   rPois:     It protects you from poison Regen+: It increases your rate of
   health regeneration.
   Stlth+:    It makes you more stealthy.
Scrolls
 d - 2 scrolls of enchant armour
Potions
 e - a potion of mutation {unknown}
 f - a potion of cancellation {unknown}
 g - a potion of curing

Dungeon Overview and Level Annotations

Branches:
Dungeon (2/15)

Altars:

Annotations:
D:2 Terence


Message History

It is a scroll of amnesia.
You feel forgetful for a moment.
Done exploring.
760 ||| DRINKING 2 sapphire potions.
It was a potion of curing.
You feel better.
Done exploring.
761 ||| DROPPING scroll of butterflies.
You drop a scroll of butterflies.
Done exploring.
What level of the Dungeon? (default 1, ? - help)
There is a stone staircase leading down here.
You climb downwards.
There is a stone staircase leading up here.
A frilled lizard is nearby!
Waypoint 1 assigned to D:2.
You shoot an arrow. The arrow hits the frilled lizard.
You kill the frilled lizard!
Found a falchion.
You now have 79 gold pieces (gained 16).
Terence the Incautious comes into view.
He is wielding a +4 trident of venom.
You shoot an arrow.
The arrow hits Terence but does no damage.
Terence shouts!
You shoot an arrow.
The arrow hits Terence but does no damage.
You shoot an arrow. The arrow barely misses Terence.
You shoot an arrow.
The arrow hits Terence but does no damage.
Terence barely misses you.
You shoot an arrow. The arrow hits Terence.
Terence is lightly wounded.
Terence looks scornfully at you.
Terence hits you from afar with a +4 trident of venom.
Terence hits you but does no damage.
You are poisoned.
You shoot an arrow. The arrow barely misses Terence.
You feel very sick.
Terence hits you from afar with a +4 trident of venom!
Ouch! That really hurt!
You shoot an arrow.
The arrow hits Terence but does no damage.
Terence is lightly wounded.
You die...

.# #.# .. .# .... .# .#
..... .##### .# #.#.#
#...... .#####....##
.....# ......# #...
.....## ......# #.#.##
##.......
......###.##.###@.@...#
.#####.....#..#.#.....#
.# #.###.#.#.######.#
.# #.###.#.##### .#
#...........# .#
#####.#####.# ## #.# #
#.. # ########.#


You could see Terence.

Vanquished Creatures
  3 ball pythons (D:1)
  A giant cockroach (D:1)
  3 goblins (D:1)
  2 hobgoblins (D:1)
  2 quokkas (D:1)
  A frilled lizard (D:2)
  2 kobolds (D:1)
  2 rats (D:1)
16 creatures vanquished.

Notes
Turn   | Place    | Note
-------+----------+-------------------------------------------
     0 | D:1      | qw the Spriggan Hunter began the quest for the Orb.
     0 | D:1      | Reached XP level 1. HP: 10/10 MP: 2/2
     0 | D:1      | Noticed an ice dragon
     0 | D:1      | Noticed an ice dragon
     0 | D:1      | 0 ||| qw: Version: 0.3-a-155-g5e7d8dd
     0 | D:1      | 0 ||| qw: Game counter: 6
     0 | D:1      | 0 ||| qw: Melee chars always use a shield: true
     0 | D:1      | 0 ||| qw: God list: Okawaru
     0 | D:1      | 0 ||| qw: Allow faded altars: false
     0 | D:1      | 0 ||| qw: Do Orc after clearing Dungeon:15 true
     0 | D:1      | 0 ||| qw: Do second Lair branch before Depths: true
     0 | D:1      | 0 ||| qw: Lair rune preference: random
     0 | D:1      | 0 ||| qw: Goals: Normal
     0 | D:1      | 0 ||| PLANNING D:1-11
     1 | D:1      | Noticed an iron dragon
     2 | D:1      | Noticed an iron dragon
     4 | D:1      | Noticed an ice dragon
     4 | D:1      | Noticed a shadow dragon
     9 | D:1      | Noticed an orb of fire
    11 | D:1      | Noticed an ice dragon
    11 | D:1      | Noticed an iron dragon
    13 | D:1      | Noticed an ice dragon
    13 | D:1      | Noticed an orb of fire
    15 | D:1      | Noticed a tentacled monstrosity
    15 | D:1      | Noticed an ice dragon
    17 | D:1      | Noticed an ice dragon
    17 | D:1      | Noticed a tentacled monstrosity
    19 | D:1      | Noticed an ice dragon
    21 | D:1      | Noticed a shadow dragon
    35 | D:1      | Found a faded altar of an unknown god.
    45 | D:1      | Reached skill level 3 in Dodging
   171 | D:1      | Reached XP level 2. HP: 14/14 MP: 3/3
   627 | D:1      | 627 ||| READING 3 scrolls labelled GACWAU LIHACIASU.
   627 | D:1      | 627 ||| ENCHANTING +0 shortbow.
   628 | D:1      | 628 ||| READING scroll labelled WOCIEMPEEX.
   633 | D:1      | 633 ||| READING scroll labelled GUKLIL XANUERR.
   734 | D:1      | 734 ||| READING 2 scrolls labelled ROFUAL PETIKK.
   734 | D:1      | Identified 2 scrolls of acquirement
   734 | D:1      | 734 ||| ACQUIRING +2 hat "Ciriunk" {rPois rF- Str+3}
   734 | D:1      | Acquired the +2 hat "Ciriunk" {rPois rF- Str+3}
   736 | D:1      | 736 ||| UPGRADING to +2 hat "Ciriunk" {rPois rF- Str+3}.
   741 | D:1      | 741 ||| READING scroll of acquirement.
   741 | D:1      | 741 ||| ACQUIRING +1 troll leather armour of Reasonable
                  | Wonder {rElec rPois Regen+ Stlth+}
   741 | D:1      | Acquired the +1 troll leather armour of Reasonable Wonder
                  | {rElec rPois Regen+ Stlth+}
   743 | D:1      | 743 ||| UPGRADING to +1 troll leather armour of Reasonable
                  | Wonder {rElec rPois Regen+ Stlth+}.
   753 | D:1      | 753 ||| DROPPING +0 robe.
   754 | D:1      | 754 ||| REMOVING +2 hat "Ciriunk" {rPois rF- Str+3}.
   759 | D:1      | 759 ||| READING scroll labelled REIFFUABBO.
   760 | D:1      | 760 ||| DRINKING 2 sapphire potions.
   761 | D:1      | 761 ||| DROPPING scroll of butterflies.
   814 | D:2      | Noticed Terence
   820 | D:2      | HP: 1/14 [Terence/+4 trident of venom (9)]
   821 | D:2      | Succumbed to Terence's poison

Levels and vault maps discovered:
D:1:      shiori_arrival_whats_in_store_for_you, layout_basic,
          hellmonk_ecumenical_altar_run_dry, minmay_misc_feat_alley,
          minmay_octomino_j4
D:2:      layout_loops_cross, uniq_terence

Skill      XL: |  1  2 |
---------------+-------+-----
Dodging        | 3 4 |  4.0
Fighting       | |  1.5
Ranged Weapons | |  4.1
Stealth        | |  1.5

Action                     || total
---------------------------++-------
   Fire: Shortbow          ||    57
    Use: Scroll            ||     6
         Potion            ||     1
 Armour: Robe              ||     1
         Troll leather arm ||     3
  Dodge: Dodged            ||    18

Table legend:
 A = Non-vault XP
 B = Vault XP
 C = Vault XP percentage of total XP
 D = Non-vault monster count
 E = Vault monster count
 F = Vault count percentage of total count
                 A         B        C        D         E       F
            +---------+---------+-------+---------+---------+-------
      Total |      18 |       7 |  28.0 |      12 |       4 |  25.0
            +---------+---------+-------+---------+---------+-------
        D:1 |      17 |       7 |  29.2 |      11 |       4 |  26.7
        D:2 |       1 |       0 |   0.0 |       1 |       0 |   0.0
            +---------+---------+-------+---------+---------+-------
